Map: Newkirk Precinct TE (Void)

Players

Jens

  • Race: Terran Terran
  • League: Grandmaster
  • Spawn Location: 5:00

Railgan - Winner!

  • Race: Zerg Zerg
  • League: Grandmaster
  • Spawn Location: 7:00

VOD

Have the link to the VOD?

Description

Time

  • Played on: March 19, 2017, 6:40 p.m.
  • Length: 19:12
Show
View Real Time Build Order
Export as new Build Order

Jens Terran 

Build Orders: Cyclone Opening, Reaper Expand, MMM Bio 

Get SALT Encoding   

  12  0:01  SCV  
  13  0:13  SCV  
  14  0:18  Supply Depot  
  14  0:25  SCV  
  15  0:30  Refinery  
  15  0:40  SCV  
  16  0:45  Barracks  
  16  0:52  SCV  
  17  1:04  SCV  
  18  1:16  SCV  
  19  1:32  Reaper, Orbital Command  
  20  1:45  Command Center  
  20  1:55  Factory  
  20  1:59  SCV  
  21  2:07  Barracks Reactor  
  21  2:09  Supply Depot  
  21  2:12  SCV  
  22  2:17  Refinery  
  22  2:24  SCV  
  23  2:36  SCV  
  24  2:44  Cyclone, Marine x2  
  26  2:48  SCV  
  28  2:58  Bunker  
  28  3:00  SCV  
  28  3:03  Marine x2  
  30  3:16  Cyclone  
  33  3:23  Orbital Command  
  33  3:24  SCV  
  34  3:34  Starport  
  34  3:37  Marine  
  34  3:38  Marine  
  36  3:41  SCV  
  37  3:55  SCV x2  
  39  3:56  Supply Depot  
  39  3:59  Marine x2, Widow Mine  
  43  4:09  SCV  
  45  4:10  Supply Depot, SCV  
  45  4:17  Medivac  
  45  4:20  Supply Depot  
  49  4:26  SCV x2  
  49  4:32  Barracks Tech Lab  
  49  4:37  Bunker  
  49  4:43  Barracks, Supply Depot  
  49  4:44  Factory Reactor  
  49  4:47  Barracks  
  49  4:50  SCV x2  
  49  4:52  Marine  
  51  4:53  Stimpack  
  51  4:56  Viking  
  54  5:04  SCV x2  
  56  5:09  Bunker  
  56  5:10  Marine  
  57  5:16  SCV x2  
  59  5:28  Marine, SCV x2  
  60  5:30  Factory Reactor  
  60  5:33  Liberator  
  59  5:36  Marine x2  
  59  5:40  SCV x2  
  63  5:46  Marine x2  
  63  5:47  Marine  
  66  5:51  Supply Depot  
  66  5:52  SCV x2  
  66  5:54  Marine x2  
  73  6:01  Supply Depot  
  73  6:02  Supply Depot  
  73  6:03  Engineering Bay  
  73  6:04  Engineering Bay, SCV x2  
  71  6:07  Marine x2  
  71  6:08  Marine  
  73  6:12  Marine  
  73  6:14  Widow Mine x2  
  76  6:20  SCV x2  
  78  6:26  Command Center  
  78  6:32  Missile Turret  
  78  6:34  Missile Turret x2  
  78  6:38  Marine x5  
  83  6:49  SCV x2  
  84  6:57  Marine x2  
  84  6:58  Marine x3, Terran Infantry Weapons Level 1  
  84  6:59  Terran Infantry Armor Level 1  
  89  7:02  Factory Reactor  
  89  7:04  Refinery x2  
  89  7:06  Medivac x2  
  93  7:13  Combat Shields  
  92  7:16  SCV  
  92  7:17  Supply Depot x2, SCV  
  94  7:24  Marine x4  
  94  7:25  Supply Depot  
  94  7:26  Missile Turret, Marine  
  99  7:33  Missile Turret  
  97  7:37  SCV x2  
  97  7:39  Widow Mine x2  
  97  7:41  Medivac x2  
  107  7:49  Missile Turret  
  107  7:54  Orbital Command  
  107  7:56  Marine x5  
  111  8:04  SCV  
  111  8:05  SCV  
  115  8:16  Marine  
  115  8:17  Marine x4  
  118  8:23  SCV x2  
  118  8:25  Factory  
  118  8:27  Factory Tech Lab  
  113  8:34  Marine x2  
  113  8:35  Marine x2  
  105  8:41  Marine  
  105  8:44  Orbital Command  
  109  8:48  Siege Tank  
  109  8:52  Marine x3  
  109  8:53  Marine  
  113  9:08  Marine, Refinery, Armory  
  114  9:10  Marine x3  
  114  9:12  Factory Tech Lab  
  113  9:17  Marine  
  113  9:22  SCV x3  
  112  9:26  Marine  
  112  9:27  Siege Tank  
  112  9:28  Marine x3  
  102  9:31  Medivac x2  
  102  9:35  Marine  
  107  9:43  Marine  
  108  9:52  Marine x3  
  108  9:53  Marine  
  112  10:00  Siege Tank  
  112  10:01  Marine, Barracks, Siege Tank  
  112  10:02  Barracks  
  119  10:08  Terran Infantry Weapons Level 2  
  119  10:09  Terran Infantry Armor Level 2  
  114  10:17  SCV x3  
  117  10:25  Barracks  
  117  10:32  Marine x5  
  117  10:33  Supply Depot  
  122  10:37  SCV x2  
  122  10:42  Supply Depot  
  124  10:49  Marine x2  
  117  10:50  Marine  
  117  10:52  Barracks Reactor  
  117  10:57  Siege Tank  
  117  10:58  Siege Tank  
  117  11:03  Marine x4  
  123  11:07  Missile Turret  
  123  11:10  Missile Turret  
  123  11:17  Marine x2  
  123  11:18  Marine  
  125  11:19  SCV x3  
  125  11:20  Refinery  
  125  11:21  Refinery  
  125  11:23  Barracks Tech Lab  
  127  11:25  Terran Vehicle Weapons Level 1  
  127  11:31  Siege Tank x2  
  127  11:32  Medivac x2  
  137  11:36  Supply Depot  
  137  11:40  Sensor Tower  
  137  11:47  Command Center  
  137  11:53  Marine x3  
  137  11:54  Marine x3  
  141  11:57  Marine x3  
  141  11:58  Marine  
  147  12:11  Supply Depot x2  
  147  12:12  Marine x6  
  153  12:18  Siege Tank  
  153  12:20  Supply Depot  
  153  12:22  Supply Depot  
  156  12:24  Siege Tank  
  156  12:28  Medivac x2  
  163  12:38  Marine x3  
  163  12:39  Marine x4  
  163  12:41  Marauder  
  163  12:42  Marine, Marauder  
  173  13:00  Siege Tank x2  
  173  13:01  Marine x6  
  173  13:02  Marine  
  186  13:07  Marine x2  
  186  13:08  Marine  
  178  13:19  Marine x4  
  147  13:23  Marine x3  
  147  13:25  Marine x2  
  143  13:33  Marine  
  144  13:37  Marine x3  
  144  13:40  Marine  
  144  13:41  Marine x3  
  150  13:51  Planetary Fortress  
  150  13:53  Siege Tank  
  150  13:54  Siege Tank  
  153  14:04  Medivac x2  
  157  14:13  Marine x5  
  157  14:14  Marine x2  
  157  14:16  Marine  
  165  14:28  Siege Tank x2  
  171  14:36  Marine x5  
  171  14:37  Marine x3  
  172  14:39  Marine x2  
  174  14:51  Terran Infantry Weapons Level 3  
  174  14:53  Terran Infantry Armor Level 3  
  174  14:54  Marine  
  175  15:00  Marine x5  
  175  15:04  Marine x3  
  179  15:07  Marine  
  179  15:12  Marine  
  181  15:18  Marine x5  
  186  15:22  Marine x2  
  188  15:30  Medivac x2  
  192  15:42  Marine x6  
  193  15:43  Marine x3  
  200  16:00  Marine x2  
  200  16:01  Marine x2  
  159  16:04  Marine x4  
  159  16:07  Medivac x2  
  135  16:12  Siege Tank x2  
  129  16:19  Marine x4  
  121  16:38  Marine x6  
  124  16:43  Marine x4  
  127  16:54  Siege Tank x2  
  130  16:59  Sensor Tower  
  130  17:06  Marine x5  
  130  17:07  Marine x2  
  137  17:09  Marine x2  
  138  17:30  Siege Tank x2  
  138  17:31  Missile Turret  
  148  17:40  Marine x2  
  153  17:48  Marine x5, Viking x2  
  153  17:49  Marine x2  
  148  18:00  Marine x3  
  123  18:06  Marine x6  
  123  18:07  Marine  
  109  18:18  Marine x3  
  91  18:22  Orbital Command  
  91  18:24  Marine x4  
  91  18:25  Marine x3  
  69  18:36  Marine x2  
  67  18:46  Marine  
Show
View Real Time Build Order
Export as new Build Order

Railgan Zerg - Winner!

Build Orders: Pool First, Lurkers 

Get SALT Encoding   

  12  0:02  Drone  
  13  0:13  Overlord  
  13  0:18  Drone  
  14  0:31  Drone x2  
  14  0:35  Drone  
  17  0:46  Spawning Pool  
  17  0:50  Drone  
  17  0:56  Drone  
  18  1:14  Hatchery  
  18  1:15  Extractor  
  16  1:19  Drone  
  16  1:21  Drone  
  18  1:33  Zergling x2  
  18  1:35  Roach Warren  
  18  1:44  Queen  
  20  1:48  Drone  
  20  1:51  Drone  
  22  2:00  Overlord  
  22  2:19  Roach  
  22  2:22  Roach  
  26  2:25  Queen  
  28  2:32  Roach  
  29  2:47  Drone x2  
  29  2:48  Drone x2  
  33  2:52  Drone x2  
  33  2:58  Drone  
  36  3:03  Overlord  
  35  3:08  Lair  
  35  3:10  Drone  
  36  3:17  Extractor  
  35  3:20  Drone, Queen  
  35  3:22  Drone  
  39  3:29  Drone x2  
  39  3:33  Drone x2  
  43  3:35  Drone  
  43  3:39  Overlord  
  44  3:43  Extractor, Drone  
  44  3:56  Spine Crawler, Drone  
  44  3:57  Overlord  
  44  3:59  Drone x2  
  46  4:05  Drone x3  
  49  4:16  Spire  
  49  4:17  Drone  
  49  4:19  Drone  
  49  4:21  Drone  
  51  4:25  Extractor, Drone  
  51  4:32  Overlord  
  51  4:33  Drone  
  51  4:35  Drone  
  51  4:36  Drone  
  51  4:38  Drone  
  55  4:45  Drone  
  56  4:48  Metabolic Boost  
  56  4:50  Drone x2  
  56  4:51  Drone  
  59  4:56  Roach x2  
  59  4:59  Overlord  
  63  5:11  Hatchery  
  63  5:12  Overlord  
  62  5:29  Mutalisk x5  
  62  5:31  Mutalisk  
  70  5:37  Overseer  
  70  5:42  Drone x2  
  72  5:45  Evolution Chamber  
  72  5:46  Evolution Chamber  
  70  5:50  Drone x2  
  72  6:05  Roach x2  
  72  6:10  Overlord  
  72  6:11  Overlord  
  76  6:13  Zerg Missile Weapons Level 1, Zerg Ground Armor Level 1  
  76  6:17  Hydralisk Den, Drone  
  76  6:18  Overlord  
  76  6:23  Overlord  
  76  6:24  Drone  
  76  6:25  Drone x5  
  82  6:29  Drone x2  
  82  6:31  Queen  
  86  6:38  Drone x2  
  88  6:42  Drone x5  
  93  6:52  Drone, Overlord  
  94  6:55  Muscular Augments  
  94  6:58  Extractor  
  94  6:59  Extractor, Overlord  
  92  7:01  Hydralisk  
  92  7:02  Hydralisk  
  92  7:06  Drone  
  92  7:07  Drone  
  98  7:09  Overlord  
  98  7:12  Hydralisk x2  
  102  7:17  Drone x3  
  102  7:19  Drone x2  
  107  7:28  Ravager  
  107  7:29  Ravager x4  
  112  7:32  Hydralisk  
  112  7:35  Hatchery  
  113  7:37  Hydralisk  
  113  7:38  Hydralisk  
  113  7:39  Pneumatized Carapace  
  113  7:41  Drone  
  113  7:43  Zergling x4  
  120  7:48  Hydralisk x2  
  124  7:53  Hydralisk  
  124  7:54  Hydralisk x2  
  124  7:58  Hydralisk, Overlord  
  130  8:05  Overlord x2  
  132  8:09  Overlord  
  132  8:17  Hydralisk x3  
  138  8:26  Drone x2  
  138  8:27  Drone x3  
  136  8:28  Drone x3  
  136  8:29  Drone x4  
  136  8:32  Hydralisk  
  143  8:39  Hydralisk  
  141  8:43  Hydralisk x2  
  141  8:44  Hydralisk x3  
  151  8:49  Hydralisk  
  151  8:50  Hydralisk  
  155  8:57  Overlord  
  155  8:58  Zergling x2  
  155  8:59  Overlord, Zergling x2  
  155  9:01  Lurker Den  
  157  9:05  Zergling x2  
  158  9:11  Overseer  
  158  9:18  Hydralisk  
  144  9:30  Hydralisk x11  
  138  9:32  Zergling x2  
  138  9:33  Hydralisk  
  138  9:36  Hydralisk  
  138  9:37  Hydralisk  
  130  9:42  Queen  
  132  9:46  Hydralisk x2  
  132  9:49  Hydralisk  
  132  9:50  Zergling x4  
  132  9:52  Hydralisk  
  142  9:53  Zergling x2  
  142  9:54  Zergling x2  
  144  10:00  Zerg Ground Armor Level 2  
  141  10:17  Drone x2  
  141  10:19  Zergling x10  
  141  10:21  Zerg Missile Weapons Level 2  
  147  10:26  Drone x3  
  147  10:28  Extractor x2  
  149  10:33  Lurker  
  149  10:34  Lurker x3, Zergling x6  
  149  10:35  Zergling x18  
  164  10:39  Infestation Pit  
  164  10:41  Overlord  
  163  10:43  Queen x2  
  163  10:46  Overlord  
  152  10:58  Hydralisk x5  
  159  11:24  Hatchery  
  158  11:28  Drone x3  
  158  11:31  Zergling x12  
  158  11:32  Spine Crawler, Zergling x2  
  167  11:45  Hydralisk x2  
  167  11:47  Lurker x3  
  174  11:57  Hydralisk  
  174  12:01  Hydralisk x5  
  166  12:04  Drone x8  
  166  12:06  Drone x2  
  180  12:08  Drone  
  180  12:09  Drone  
  182  12:16  Drone  
  182  12:17  Drone  
  184  12:23  Hive  
  184  12:29  Overlord x3  
  184  12:32  Zerg Melee Weapons Level 1, Zerg Flyer Weapons Level 1  
  184  12:38  Corruptor  
  186  12:47  Zergling x2  
  186  12:48  Zergling x2  
  186  12:49  Hydralisk  
  190  12:52  Overlord  
  190  13:00  Overlord  
  190  13:01  Overlord  
  188  13:06  Hydralisk x5  
  153  13:20  Hydralisk x8  
  165  13:30  Overlord, Zergling x4  
  166  13:40  Zergling x2  
  166  13:41  Zergling x2  
  159  13:47  Zergling x2  
  158  13:51  Drone  
  158  13:52  Zerg Missile Weapons Level 3  
  156  14:08  Corruptor x2  
  161  14:10  Zergling x2  
  161  14:11  Drone  
  162  14:19  Viper x2  
  162  14:24  Zergling x14  
  169  14:29  Drone  
  169  14:31  Zergling x16  
  177  14:32  Hatchery  
  177  14:35  Overlord  
  183  14:39  Zergling x2  
  183  14:40  Extractor  
  183  14:42  Hatchery  
  182  14:45  Extractor  
  181  14:54  Greater Spire  
  181  14:55  Hydralisk, Zerg Ground Armor Level 3  
  181  14:56  Hydralisk x8  
  181  14:57  Ultralisk Cavern  
  198  15:06  Hydralisk x4  
  193  15:10  Hydralisk  
  193  15:11  Hydralisk  
  193  15:12  Zergling x2  
  193  15:13  Zergling x2  
  199  15:15  Overlord  
  197  15:54  Hydralisk  
  197  15:55  Hydralisk x3  
  166  16:05  Hydralisk x2  
  157  16:16  Zergling x16  
  157  16:17  Zergling x2  
  154  16:26  Drone  
  154  16:29  Corruptor x2, Brood Lord x3  
  154  16:30  Zergling x2  
  166  16:36  Hydralisk, Zergling x6  
  166  16:37  Hydralisk  
  167  16:50  Extractor, Spine Crawler  
  167  16:51  Extractor  
  164  16:55  Hydralisk x2  
  164  16:56  Hatchery  
  164  16:57  Chitinous Plating, Ultralisk  
  164  17:00  Zergling x18  
  182  17:02  Hydralisk  
  180  17:11  Hydralisk  
  180  17:12  Zergling x10  
  181  17:19  Lurker x3  
  184  17:26  Overlord x2, Spore Crawler  
  183  17:33  Hydralisk x2  
  183  17:36  Hydralisk x2  
  187  17:39  Zergling x4  
  193  17:53  Hydralisk x3  
  191  18:01  Hydralisk x3  
  191  18:02  Hydralisk  
  191  18:04  Hydralisk x3  
  193  18:10  Hydralisk  
  193  18:11  Hydralisk x2  
  186  18:15  Hydralisk  
  175  18:21  Hydralisk  
  161  18:52  Drone x8  
  170  19:05  Extractor  
Tags
 
Add a new tag
Caveats
  • Supply blocks, unpowered buildings, or Contaminate may cause inaccurate times.
  • Supply counts are checked every 10 seconds.